Cogmind - Beta 17 @@@ ROGUE MODE // 2026.07.13 @ 02:35:02 Player: NuclearMayhem Result: Destroyed by B-86 Titan with Railgun Performance ------------- Evolutions (7) 3500 Regions Visited (8) 1600 Robots Destroyed (57) 285 Value Destroyed (2256) 2256 Prototype IDs (37) 740 Alien Tech Used (0) 0 Bonus (679) 679 TOTAL SCORE: 9060 Bonus ------- High Alert Combat Kills 19 Registered with UFD 300 Met Optimus in HQ 500 Friendly Fire -140 Cogmind --------- Core Integrity 0/1300 Matter 200/300 Energy 63/100 System Corruption 13% Temperature Cool (5) Movement Flying (42) Location -3/Research Parts ------- > --- POWER (3) -------- (None) > --- PROPULSION (6) --- Field Propulsion Drive Impulse Thruster Array > --- UTILITY (8) ------ (None) > --- WEAPON (4) ------- (None) > --- INVENTORY (5) ---- Micro Antimatter Reactor Advanced Heavy Treads Advanced Force Field Improved Point Defense System Peak State ------------ > --- POWER ------------ Light Antimatter Reactor Light Antimatter Reactor > --- PROPULSION ------- Flexi-carbon Leg Improved VSS Leg Improved VSS Leg Improved VSS Leg Improved VSS Leg > --- UTILITY ---------- Power Amplifier Advanced Cooling System Small Storage Unit Experimental Optical Array Active Sensor Suite Advanced Weapon Cycler > --- WEAPON ----------- Helical Railgun Heavy Flak Cannon Hardcell Cannon Heavy Gauss Cannon > --- INVENTORY -------- Reaction Control System Reaction Control System Advanced Reaction Control System Advanced Reaction Control System Improved Phase Shifter Advanced Shield Generator Advanced Shield Generator Field Recycling Unit [Rating: 126] Favorites ----------- Power Light Ion Engine Engine Light Ion Engine Power Core Micro Fission Core Reactor Light Antimatter Reactor Propulsion Improved VSS Leg Treads Light Treads Leg Improved VSS Leg Hover Unit Improved Gravmag System Flight Unit Flight Unit Utility Small Storage Unit Device Advanced Cooling System Storage Small Storage Unit Processor A0-MCA's Component Scanner Hackware Makeshift Hacking Suite Protection Light Armor Plating Weapon Mini Assault Cannon Energy Gun Beam Rifle Ballistic Gun Helical Railgun Ballistic Cannon Mini Assault Cannon Launcher Grenade Launcher Slashing Weapon Mining Claw Build | -11 -10 -10 -10 -7 -7 -5 -4 -3 ------- Run | Yrd Mat Min Sub Rec Scr Fac Fac Res Slots Evolved 14 | . . . . . . 10 2 2 Power 2 | . . . . . . . 1 1 Propulsion 4 | . . . . . . 3 . 1 Utility 6 | . . . . . . 5 1 . Weapon 2 | . . . . . . 2 . . Parts Attached 81 | 6 7 6 8 . 15 7 15 17 Power 11 | 1 2 . 1 . 1 1 3 2 Engine 5 | 1 2 . 1 . 1 . . . Core 1 | . . . . . . 1 . . Reactor 5 | . . . . . . . 3 2 Propulsion 23 | 2 1 3 2 . 7 1 2 5 Treads 4 | . . 3 . . . . . 1 Leg 10 | 2 1 . . . 5 1 1 . Wheel . | . . . . . . . . . Hover 3 | . . . . . 2 . 1 . Flight 6 | . . . 2 . . . . 4 Utility 26 | 1 1 2 2 . 5 4 6 5 Device 17 | . 1 . 1 . 1 4 5 5 Storage 1 | 1 . . . . . . . . Processor 2 | . . . . . 1 . 1 . Hackware 1 | . . . . . 1 . . . Protection 5 | . . 2 1 . 2 . . . Artifact . | . . . . . . . . . Weapon 21 | 2 3 1 3 . 2 1 4 5 Energy Gun 3 | . 2 1 . . . . . . Energy Cannon . | . . . . . . . . . Ballistic Gun 8 | 2 1 . . . 1 1 1 2 Ballistic Cannon 4 | . . . . . . . 3 1 Launcher 4 | . . . 2 . . . . 2 Special Weapon . | . . . . . . . . . Impact Weapon . | . . . . . . . . . Slashing Weapon 2 | . . . 1 . 1 . . . Piercing Weapon . | . . . . . . . . . Special Melee Weapon . | . . . . . . . . . Unidentified Prototypes 8 | . . . 1 . . . 2 5 Parts Lost 29 | . 2 . 6 . . . 15 6 Power 4 | . . . 1 . . . 2 1 Propulsion 9 | . . . 2 . . . 6 1 Utility 5 | . . . 1 . . . 3 1 Weapon 11 | . 2 . 2 . . . 4 3 Highest Loss Streak 14 | . 2 . 4 . . . 14 4 To Critical Strikes . | . . . . . . . . . Average Backups 5 | 1 6 7 5 7 6 4 6 2 Power . | . 1 1 . . . . . . Propulsion 1 | . 2 3 2 1 . . . . Utility 2 | . . . . 2 3 4 6 1 Weapon 1 | . 1 2 1 2 1 . . 1 Tool/Special . | . . . . . . . . . Unused Backups 15 | . . 1 1 . 9 . 2 2 Power 1 | . . . . . . . . 1 Propulsion 2 | . . 1 1 . . . . . Utility 8 | . . . . . 5 . 2 1 Weapon 2 | . . . . . 2 . . . Tool/Special 2 | . . . . . 2 . . . Average Slot Usage (%) 71 | . 90 100 80 71 81 72 72 11 Engine 5 | . 14 14 10 . 3 2 2 . Reactor 1 | . . . . . . . 4 2 Treads 5 | . . 24 20 . . . . 2 Leg 8 | . 28 3 . . 3 22 18 . Hover 5 | . . . . . 21 . . . Flight 2 | . . . 5 28 1 . . . Device 8 | . 5 . . 14 7 22 22 2 Storage 8 | . 14 14 7 14 14 5 4 . Processor 1 | . . . . . 3 . . . Protection 3 | . . 13 11 . . . . . Energy Gun 2 | . 5 14 7 . . . . . Ballistic Gun 6 | . 21 14 7 . 1 8 6 1 Ballistic Cannon 6 | . . . . . 14 5 10 . Slashing Weapon 3 | . . . 7 14 6 . . . Peak Build Rating 126 | 6 7 8 14 17 39 93 126 59 Average Rating 37 | 4 6 7 7 15 30 88 97 26 On Entrance 20 | . 6 7 8 14 17 39 93 2 Avg Prop Armor Cover (%) 10 | . . . . . 5 5 3 41 Naked Turns 129 | . . . . . . . 76 53 Heaviest Build 82 | 12 14 15 26 7 22 33 82 51 Greatest Support 80 | 20 20 40 40 8 30 60 80 70 Greatest Overweight (x) 16 | . . . . . 1 1 1 16 Average Overweight (x) . | . . . . . . . . . Largest Inventory Capacity 8 | 8 8 8 8 8 8 8 8 5 Average Capacity 7 | 6 8 8 6 8 8 8 7 5 Most Carried 8 | 2 8 8 8 8 8 6 8 5 Average Carried 6 | 1 6 7 5 7 7 4 6 2 Final Capacity 8 | 8 8 8 8 8 8 8 5 5 Final Carried 8 | 2 8 8 6 8 8 6 5 5 Transmogrified Parts 8 | . . . . 1 7 . . . Integrity Recovered 163 | . . . . 3 160 . . . Class Distribution -------------------- 53% | Mutant 23% | Scavenger-Mutant 21% | Scavenger-Skirmisher Dominant Class ---------------- Mutant | -10/Materials Scavenger-Mutant | -10/Mines Scavenger-Mutant | -10/Subcaves Mutant | -7/Recycling Mutant | -7/Scraptown Scavenger-Skirmisher | -5/Factory Scavenger-Skirmisher | -4/Factory Mutant | -3/Research Resources | -11 -10 -10 -10 -7 -7 -5 -4 -3 ----------- Run | Yrd Mat Min Sub Rec Scr Fac Fac Res Matter Collected 2649 | 254 179 93 337 35 353 70 769 559 Remotely 141 | . . . . . . . 141 . Salvage Created 2344 | . 277 . 266 . 509 . 806 486 Parts 107 | . 14 . 26 . 21 . 23 23 Haulers Intercepted 1 | . . . . . . . 1 . Recyclers Shooed . | . . . . . . . . . Parts Field Recycled 7 | . . . . . . . 7 . Retrieved Matter 35 | . . . . . . . 35 . Parts Self-Destructed 17 | . . . 15 . 2 . . . Prevented . | . . . . . . . . . Parts Restored . | . . . . . . . . . Kills | -11 -10 -10 -10 -7 -7 -5 -4 -3 ------- Run | Yrd Mat Min Sub Rec Scr Fac Fac Res Combat Hostiles Destroyed 43 | . 8 . 11 . 8 . 9 7 Guns 24 | . 8 . 5 . 3 . 3 5 Cannons 11 | . . . . . 5 . 6 . AOE 8 | . . . 6 . . . . 2 Classes Destroyed 15 | . 2 . 3 . 2 . 7 1 Worker 3 | . . . . . . . 2 1 Builder 1 | . . . . . . . 1 . Tunneler 1 | . . . . . . . . 1 Hauler 1 | . . . . . . . 1 . Recycler 3 | . . . . . . . 2 1 Turret 2 | . . . 2 . . . . . Watcher 3 | . . . . . . . 2 1 Swarmer 13 | . 2 . 7 . . . . 4 Grunt 14 | . 6 . 2 . . . 6 . Hunter 3 | . . . . . . . 2 1 Programmer 3 | . . . . . . . 1 2 Artisan 2 | . . . 2 . . . . . Subdweller 2 | . . . 2 . . . . . Ranger 1 | . . . . . 1 . . . Scrapper 7 | . . . . . 7 . . . Best Kill Streak 7 | . 3 . 7 . 3 . 7 5 Combat Bots Only 6 | . 3 . 6 . 3 . 2 3 Max Kills in Single Turn 3 | . 1 . 2 . 1 . 2 3 Gunslinging . | . . . . . . . . . Exploded 2 | . . . 2 . . . . 2 Melee . | . . . . . . . . . Uniques/NPCs Destroyed . | . . . . . . . . . Combat | -11 -10 -10 -10 -7 -7 -5 -4 -3 -------- Run | Yrd Mat Min Sub Rec Scr Fac Fac Res Hostile Shots Fired 661 | . 46 4 108 . 13 . 247 243 Missed 251 | . 9 1 36 . 7 . 98 100 Hits 410 | . 37 3 72 . 6 . 149 143 Projectile 410 | . 37 3 72 . 6 . 149 143 AOE 1 | . . . . . . . . 1 Critical Strikes 16 | . . . . . . . 9 7 Part Disruptions 3 | . . . . . . . . 3 Damage Taken 6903 | . 366 42 966 . 137 . 2537 2855 Core 2371 | . 28 . 184 . . . 844 1315 Absorbed by Shields 360 | . . . . . . . . 360 Reduced by Siege Mode 48 | . . . . . . . . 48 Core Remaining (%) 60 | 100 . . . . 15 100 26 . Volleys Fired 196 | . 37 1 49 . 18 1 53 37 Largest 4 | . 2 2 2 . 2 2 4 3 Hottest 188 | . 60 60 76 . 80 68 188 125 Shots Fired 398 | . 73 2 80 . 36 2 147 58 Gun 255 | . 73 2 60 . 13 2 49 56 Cannon 121 | . . . . . 23 . 98 . Launcher 22 | . . . 20 . . . . 2 Special . | . . . . . . . . . Kinetic 331 | . 57 1 32 . 36 2 147 56 Thermal 32 | . 4 . 28 . . . . . Explosive 22 | . . . 20 . . . . 2 Electromagnetic 13 | . 12 1 . . . . . . Robot Hit Streak 13 | . 6 3 11 . 4 5 8 13 Robot Miss Streak 16 | . 4 . 4 . 6 . 16 5 Penetration Max 1 | . . . . . . . 1 1 Secondary Targets 2 | . 1 . . . . . . 1 Max Gunslinging Chain 1 | . 1 . . . . . . 1 Shots Hit Robots 227 | . 43 2 55 . 17 2 72 36 Core Hits 121 | . 14 1 38 . 10 . 36 22 Critical Kills 5 | . . . . . . . 1 4 Critical Parts Destroyed 6 | . . . . . . . 1 5 Critical Strikes 16 | . . . 1 . . . 6 9 Burn 1 | . . . 1 . . . . . Destroy 11 | . . . . . . . 2 9 Blast 4 | . . . . . . . 4 . Melee Attacks 19 | . . . 18 1 . . . . Impact . | . . . . . . . . . Slashing 19 | . . . 18 1 . . . . Piercing . | . . . . . . . . . Sneak Attacks 3 | . . . 3 . . . . . Combat Hostiles . | . . . . . . . . . Follow-up Attacks . | . . . . . . . . . Damage Inflicted 6506 | . 522 17 1366 . 456 . 2589 1556 Guns 2521 | . 522 17 412 . 177 . 498 895 Cannons 2102 | . . . . . 279 . 1823 . Explosions 1494 | . . . 753 . . . 197 544 Melee 201 | . . . 201 . . . . . Ramming 188 | . . . . . . . 71 117 Kinetic 4250 | . 405 7 166 . 456 . 2321 895 Thermal 280 | . 34 . 246 . . . . . Explosive 1461 | . . . 753 . . . 197 511 Electromagnetic 126 | . 83 10 . . . . . 33 Impact . | . . . . . . . . . Slashing 201 | . . . 201 . . . . . Piercing . | . . . . . . . . . Highest Corruption 13 | . . . . . . . 7 13 Average Corruption 4 | . . . . . . . 5 4 Corruption Purged . | . . . . . . . . . Corruption Blocked . | . . . . . . . . . Effects 8 | . . . . . . . 2 6 Message Errors 2 | . . . . . . . 1 1 Matter Fused 4 | . . . . . . . . 4 Heat Flow Errors 1 | . . . . . . . 1 . Data Loss (minor) 1 | . . . . . . . . 1 Overload Shots . | . . . . . . . . . Overflow Damage 225 | . . . 28 . . . 132 65 Projectiles 68 | . . . . . . . 68 . Explosions 129 | . . . . . . . 64 65 Melee 28 | . . . 28 . . . . . Knockbacks 26 | . . . . . . . 26 . Impact 2 | . . . . . . . 2 . Kinetic 21 | . . . . . . . 21 . Secondary 3 | . . . . . . . 3 . Self-Inflicted Damage 123 | . . . 61 . . . 19 43 Shots 3 | . . . 2 . . . . 1 Rammed 30 | . . . . . . . 4 26 Targets Rammed 35 | . . . . . . . 9 26 Kicked 5 | . . . . . . . 5 . Crushed . | . . . . . . . . . Highest Temperature 168 | . 24 . 13 . 54 . 168 24 Average Temperature 38 | . 12 . 4 . 28 . 51 13 Received Heat Transfer 924 | . 144 18 321 . 72 . 294 75 Siege Activations 2 | . . . . . . . . 2 Total Turns 23 | . . . . . . . . 23 Longest Duration 22 | . . . . . . . . 22 Martial Activations . | . . . . . . . . . Shielding Activations . | . . . . . . . . . Robots Disrupted . | . . . . . . . . . Combat Hostiles . | . . . . . . . . . Robots Corrupted . | . . . . . . . . . Combat Hostiles . | . . . . . . . . . Parts Fried . | . . . . . . . . . Impact Corruptions . | . . . . . . . . . Robots Melted . | . . . . . . . . . Combat Hostiles . | . . . . . . . . . Parts Melted 5 | . . . 2 . 3 . . . Heat Transferred 778 | . 75 . 703 . . . . . Parts Sabotaged . | . . . . . . . . . Parts Stolen . | . . . . . . . . . Parts Stripped . | . . . . . . . . . Power Chain Reactions . | . . . . . . . . . Alert | -11 -10 -10 -10 -7 -7 -5 -4 -3 ------- Run | Yrd Mat Min Sub Rec Scr Fac Fac Res Maximum Alert Level 2 | . . . . . . . 2 1 Low Security (%) 73 | 100 100 100 . 100 . 100 38 74 Level 1 23 | . . . . . . . 52 25 Level 2 2 | . . . . . . . 8 . Level 3 . | . . . . . . . . . Level 4 . | . . . . . . . . . Level 5 . | . . . . . . . . . High Security . | . . . . . . . . . Max Security . | . . . . . . . . . Peak Influence 435 | . 103 23 . 1 . 16 435 248 Initial 206 | . . 23 . . . . . 206 Average 118 | . 48 2 . . . 1 209 173 Influence Increases 1689 | . 215 . 330 4 . 18 870 252 Destroy 0b10 Robot/C 700 | . 160 . 220 . . . 180 140 Destroy 0b10 Robot/NC 60 | . . . . . . . 40 20 Destroy Leader 108 | . 30 . 20 . . . 36 22 Allied During Kill 7 | . . . . . . . 7 . Successful Hack 42 | . 23 . . 3 . 16 . . Disable Machine 180 | . . . . . . . 150 30 Destroy Structure 197 | . 2 . . 1 . 2 182 10 Lose Combat Pursuer 195 | . . . 90 . . . 75 30 Active Sensor Use 200 | . . . . . . . 200 . Influence Decreases 1561 | . 155 60 330 4 . 18 476 518 Entered New Map 225 | . . 37 . . . . . 188 Time Decay 1006 | . 135 23 270 4 . 18 286 270 Lost Part 290 | . 20 . 60 . . . 150 60 Lost Ally 40 | . . . . . . . 40 . Squads Dispatched 17 | . 3 . . . . 1 9 4 Investigation 4 | . 1 . . . . . 2 1 Extermination 5 | . . . . . . 1 2 2 Reinforcement 8 | . 2 . . . . . 5 1 Assault . | . . . . . . . . . Garrison . | . . . . . . . . . Intercept . | . . . . . . . . . Searches Triggered . | . . . . . . . . . Construction Impeded 2 | . . . . . . . 2 . Haulers Reinforced 1 | . . . . . . . 1 . Active Scanning Responses 2 | . . . . . . . 2 . Cargo Convoy Interrupts . | . . . . . . . . . Stealth | -11 -10 -10 -10 -7 -7 -5 -4 -3 --------- Run | Yrd Mat Min Sub Rec Scr Fac Fac Res Distress Signals 4 | . 1 . . . . . 1 2 Communications Jammed . | . . . . . . . . . Distress Signals . | . . . . . . . . . Times Spotted 115 | . 15 1 16 . 21 . 29 33 Peak Tracking Total 16 | . 3 1 4 . 4 . 11 16 Tactical Retreats 7 | . . . 2 . . . 3 2 Traps | -11 -10 -10 -10 -7 -7 -5 -4 -3 ------- Run | Yrd Mat Min Sub Rec Scr Fac Fac Res Traps Triggered 7 | . 1 . . . . 2 1 3 Indirectly . | . . . . . . . . . Trap Hack Attempts . | . . . . . . . . . Triggered . | . . . . . . . . . Disarmed . | . . . . . . . . . Reprogrammed . | . . . . . . . . . Reused . | . . . . . . . . . Traps Extracted . | . . . . . . . . . Installed . | . . . . . . . . . Triggered . | . . . . . . . . . Most Traps Carried 3 | . . . . . 3 . . . Machines | -11 -10 -10 -10 -7 -7 -5 -4 -3 ---------- Run | Yrd Mat Min Sub Rec Scr Fac Fac Res Machines Disabled 19 | . . . 5 . 2 . 10 2 Max in Single Turn 2 | . . . 2 . 1 . 2 1 Garrison Access 1 | . . . . . . . 1 . Machines Repaired . | . . . . . . . . . Machines Dismantled . | . . . . . . . . . Machines Sabotaged . | . . . . . . . . . Overloaded Fab Kills . | . . . . . . . . . Hacking | -11 -10 -10 -10 -7 -7 -5 -4 -3 --------- Run | Yrd Mat Min Sub Rec Scr Fac Fac Res Machines Accessed 26 | . 4 . 1 3 7 3 4 4 Terminals 9 | . 4 . . . . 1 2 2 Fabricators 1 | . . . . . . 1 . . Repair Stations . | . . . . . . . . . Recycling Units 4 | . . . . 1 . . 1 2 Scanalyzers 1 | . . . . . . 1 . . Garrison Access 1 | . . . . . . . 1 . Total Hacks 112 | . 15 . 9 27 43 6 5 7 Successful 91 | . 7 . 9 26 43 3 2 1 Failed 21 | . 8 . . 1 . 3 3 6 Catastrophic 4 | . 1 . . . . . . 3 Database Lockouts . | . . . . . . . . . Manual 23 | . 15 . 1 2 . 1 2 2 Terminals 23 | . 15 . . . . 1 3 4 Fabricators 2 | . . . . . . 2 . . Repair Stations . | . . . . . . . . . Recycling Units 7 | . . . . 3 . . 1 3 Scanalyzers 3 | . . . . . . 3 . . Garrison Access 1 | . . . . . . . 1 . Terminal Hacks 80 | . 3 . 9 24 43 . 1 . Record 74 | . . . 8 24 42 . . . Robot Analysis 1 | . 1 . . . . . . . Open DSF 1 | . . . . . . . 1 . Branch Access Points 1 | . 1 . . . . . . . Registered Components 1 | . 1 . . . . . . . Proto ID Catalog 2 | . . . 1 . 1 . . . Fabricator Hacks 1 | . . . . . . 1 . . Build 1 | . . . . . . 1 . . Repair Station Hacks . | . . . . . . . . . Recycling Unit Hacks 2 | . . . . 1 . . . 1 Report Inventory 1 | . . . . 1 . . . . Retrieve Components 1 | . . . . . . . . 1 Scanalyzer 2 | . . . . . . 2 . . Retrieve Study 2 | . . . . . . 2 . . Garrison Access Hacks 1 | . . . . . . . 1 . Seal Access 1 | . . . . . . . 1 . Unauthorized Hacks 5 | . 4 . . 1 . . . . Terminals 4 | . 4 . . . . . . . Botnet 4 | . 4 . . . . . . . Fabricators . | . . . . . . . . . Repair Stations . | . . . . . . . . . Recycling Units 1 | . . . . 1 . . . . Monitor 1 | . . . . 1 . . . . Scanalyzers . | . . . . . . . . . Garrison Access . | . . . . . . . . . Data Cores Recovered . | . . . . . . . . . Used . | . . . . . . . . . Hacking Detections 12 | . 4 . . 1 . 2 2 3 Full Trace Events 1 | . . . . . . . . 1 Feedback Events . | . . . . . . . . . Feedback Blocked . | . . . . . . . . . Robot Schematics Acquired . | . . . . . . . . . Robots Built 3 | . . . . . . 3 . . Authchips . | . . . . . . . . . Time 76 | . . . . . . 76 . . Total Robot Build Rating 15 | . . . . . . 15 . . Part Schematics Acquired . | . . . . . . . . . Parts Built . | . . . . . . . . . Authchips . | . . . . . . . . . Time . | . . . . . . . . . Total Part Build Rating . | . . . . . . . . . Part Studies Acquired 2 | . . . . . . 2 . . Parts Repaired . | . . . . . . . . . Time . | . . . . . . . . . Parts Recycled . | . . . . . . . . . Recycled Matter . | . . . . . . . . . Retrieved Matter . | . . . . . . . . . Retrieved Components 1 | . . . . . . . . 1 Parts Scanalyzed . | . . . . . . . . . Part Schematics Acquired . | . . . . . . . . . Parts Damaged . | . . . . . . . . . Bothacking | -11 -10 -10 -10 -7 -7 -5 -4 -3 ------------ Run | Yrd Mat Min Sub Rec Scr Fac Fac Res Used RIF Installer . | . . . . . . . . . Robots Hacked . | . . . . . . . . . Non-combat . | . . . . . . . . . Combat . | . . . . . . . . . Robot Hacks Applied . | . . . . . . . . . Relay Couplers Released . | . . . . . . . . . Fabnet Peak Effective % . | . . . . . . . . . Robots Rewired . | . . . . . . . . . Allies Hacked . | . . . . . . . . . Hacks Repelled . | . . . . . . . . . Allies | -11 -10 -10 -10 -7 -7 -5 -4 -3 -------- Run | Yrd Mat Min Sub Rec Scr Fac Fac Res Total Allies 3 | . . . . . . 3 . . Largest Group 3 | . . . . . . 3 2 . Highest-Rated Group 87 | . . . . . . 87 55 . Highest-Rated Ally 29 | . . . . . . 29 29 . Total Orders . | . . . . . . . . . Ally Attacks 15 | . . . . . . . 15 . Total Damage 205 | . . . . . . . 205 . Kills . | . . . . . . . . . Allies Corrupted . | . . . . . . . . . Allies Melted 4 | . . . . . 4 . . . Intel | -11 -10 -10 -10 -7 -7 -5 -4 -3 ------- Run | Yrd Mat Min Sub Rec Scr Fac Fac Res Active Infowar (turns) 989 | . . . . . . 264 725 . A.S.S. 989 | . . . . . . 264 725 . Robot Analysis Total 1 | . 1 . . . . . . . Derelict Logs Recovered 1 | . . . 1 . . . . . Drone Launches . | . . . . . . . . . Drone Recoveries . | . . . . . . . . . Exploration | -11 -10 -10 -10 -7 -7 -5 -4 -3 ------------- Run | Yrd Mat Min Sub Rec Scr Fac Fac Res Turns Passed 4755 | 74 326 321 925 66 1310 291 853 589 Spaces Moved 4799 | 43 165 148 841 164 2068 198 687 485 Core 408 | 3 . . . . . . 147 258 Treads 615 | . . 130 323 . . . . 162 Legs 1051 | 40 165 18 . . 118 198 512 . Wheels . | . . . . . . . . . Hover 1823 | . . . . . 1795 . 28 . Flight 902 | . . . 518 164 155 . . 65 Fastest Speed 34 | 50 120 120 37 34 34 75 40 39 Average Speed 74 | 115 120 155 85 35 56 78 86 82 Slowest Speed 850 | 120 120 160 160 37 180 165 177 850 Overloaded Moves . | . . . . . . . . . Propulsion Burnouts . | . . . . . . . . . Robots Hopped 2 | . . . 2 . . . . . Potential Cave-ins . | . . . . . . . . . Cave-ins Triggered . | . . . . . . . . . Exploration Rate (%) 30 | 5 31 27 38 28 90 6 23 23 Regions Visited 8 Branch Regions 4 Pre-discovered Areas 1 | . . . . . 1 . . . Known Exits Taken 1 | . 1 . . . . . . . Unknown Exits Taken 7 | 1 . 1 1 1 1 1 1 . Scrap Searched 5 | . . 1 2 . 2 . . . Spaces Dug 1 | . . . . 1 . . . . Terrain Destroyed 192 | . . . 63 1 16 1 99 12 Melee 1 | . . . . 1 . . . . Projectile 74 | . . . . . 16 1 55 2 AOE 117 | . . . 63 . . . 44 10 Terrain Rammed . | . . . . . . . . . Walls Destroyed . | . . . . . . . . . Machines Disabled . | . . . . . . . . . Actions | -11 -10 -10 -10 -7 -7 -5 -4 -3 --------- Run | Yrd Mat Min Sub Rec Scr Fac Fac Res Total 5609 | 64 221 240 938 170 2174 328 859 615 Wait 331 | 14 5 74 . . 35 112 68 23 Move 4787 | 42 164 147 836 163 2067 197 686 485 Hop 2 | . . . 2 . . . . . Pick Up 50 | 2 6 3 4 4 15 4 3 9 Fast Attach 51 | 6 2 4 6 . 6 6 9 12 Attach 29 | . 2 . 5 . 2 6 8 6 Detach 15 | . . . 3 . . 1 7 4 Swap 23 | . 3 2 6 . 7 1 4 . Drop 65 | . 2 9 8 2 24 . 7 13 Fire 196 | . 37 1 49 . 18 1 53 37 Melee 19 | . . . 18 1 . . . . Ram 17 | . . . . . . . 4 13 Kick 5 | . . . . . . . 5 . Crush 13 | . . . . . . . . 13 Escape Stasis 5 | . . . . . . . 5 . Rewire . | . . . . . . . . . Trap . | . . . . . . . . . Miscellaneous 1 | . . . 1 . . . . . Route ------- -11/Scrapyard -10/Materials -10/Mines -10/Subcaves -7/Recycling -7/Scraptown (discovered 2 exits: *Fac x2) -5/Factory -4/Factory -3/Research History --------- Turn | Location | Event 20 | -11/Scrapyard | Discovered new exit (range 15) 75 | -11/Scrapyard | Entered Materials 373 | -10/Materials | Identified exit to Mines 401 | -10/Materials | Entered Mines 404 | -10/Mines | Joined a pair of Derelicts in attacking an 0b10 outpost 712 | -10/Mines | Discovered new exit (range 3) 714 | -10/Mines | Build established: Scavenger-Mutant 722 | -10/Mines | Entered Subcaves 940 | -10/Subcaves | Learned Materials non-interactive machine intel 967 | -10/Subcaves | Discovered new exit (range 10) 1069 | -10/Subcaves | Ambushed by angry Subdweller bent on revenge 1385 | -10/Subcaves | Core integrity fell below 50% 1425 | -10/Subcaves | Lost 4 parts (1p2n1u) 1431 | -10/Subcaves | A swath of the cavern ceiling suddenly collapsed 1594 | -10/Subcaves | Visited 4L-MR0's lab 1604 | -10/Subcaves | Found Prototype Device 1604 | -10/Subcaves | Identified Sfc. Transmogrifier 1609 | -10/Subcaves | Found Power Bank 1611 | -10/Subcaves | Core integrity fell below 20% 1644 | -10/Subcaves | Build established: Mutant 1647 | -10/Subcaves | Entered Recycling 1695 | -7/Recycling | Scanned before Scraplab entrance 1708 | -7/Recycling | Discovered new exit (range 3) 1713 | -7/Recycling | Entered Scraptown 1740 | -7/Scraptown | Learned location of Extension (-4) 1885 | -7/Scraptown | Discovered new exit (range 3) 1943 | -7/Scraptown | Visited SPCMW 1960 | -7/Scraptown | Visited TADAMA 2157 | -7/Scraptown | Visited UFD Registry 2157 | -7/Scraptown | Registered with UFD as "Metacircuit" 2181 | -7/Scraptown | Visited Science Testing Area 2193 | -7/Scraptown | Visited Abandonware Association 2206 | -7/Scraptown | Learned abandonware demo "HACKBUD.EXE" 2206 | -7/Scraptown | Learned abandonware demo "SHUTEYE.EXE" 2223 | -7/Scraptown | Visited Scrapoid Research Area 2261 | -7/Scraptown | Discovered new exit (range 3) 2282 | -7/Scraptown | Visited A0-MCA Data Center 2285 | -7/Scraptown | Given a B+ rating by A0-MCA 2289 | -7/Scraptown | Found A0-MCA's Component Scanner 2298 | -7/Scraptown | Visited Research Penetration Think Tank 2316 | -7/Scraptown | Visited Scrap Suit Storage 2334 | -7/Scraptown | Visited Curators Association 2481 | -7/Scraptown | Visited Science Guys 2512 | -7/Scraptown | Visited Observation Area 2590 | -7/Scraptown | Met Optimus 2590 | -7/Scraptown | Accepted into 0bPrime 2677 | -7/Scraptown | Civil war broke out across Scraptown 2767 | -7/Scraptown | Optimus destroyed in the chaos of civil war 2828 | -7/Scraptown | Lost 14 allies 2836 | -7/Scraptown | Found Active Sensor Suite 3022 | -7/Scraptown | Lost 7 allies 3023 | -7/Scraptown | Entered Factory 3023 | -5/Factory | Evolved 10 slots: Propulsion x3, Utility x5, Weapon x2 3219 | -5/Factory | Fabricated G-50 Soldier (x3) 3268 | -5/Factory | Discovered new exit (range 6) 3314 | -5/Factory | Entered another Factory area 3314 | -4/Factory | Accompanied by 2 allies 3314 | -4/Factory | Evolved 2 slots: Power x1, Utility x1 3336 | -4/Factory | Build established: Scavenger-Skirmisher 4077 | -4/Factory | Released all parts (3) 4107 | -4/Factory | Lost 14 parts (2p5n3u4w) 4117 | -4/Factory | Core integrity fell below 50% 4157 | -4/Factory | Discovered new exit (range 14) 4167 | -4/Factory | Entered Research 4167 | -3/Research | Evolved 2 slots: Power x1, Propulsion x1 4222 | -3/Research | Found Prototype Launcher 4288 | -3/Research | Found Prototype Launcher 4362 | -3/Research | Build established: Mutant 4415 | -3/Research | Identified Hellfire Missile Launcher 4498 | -3/Research | Identified Tesla Bomb Launcher 4520 | -3/Research | Lost 4 parts (1u3w) 4680 | -3/Research | Core integrity fell below 50% 4717 | -3/Research | System corruption reached 10% 4735 | -3/Research | Core integrity fell below 20% 4756 | -3/Research | Spotted B-86 Titan 4756 | -3/Research | Destroyed by B-86 Titan with Railgun Last Messages --------------- 04728_ Destabilizing: Short circuit. 04729_ Slammed into G-67 Veteran. 04740_ Acquired Impulse Thruster Array. 04743_ Meson Extractor disabled. 04746_ Dropped Broken Imp. Coolant Injector. 04749_ System corrupted: Matter fused (-8). 04750_ Acquired Field Propulsion Drive. 04751_ Penetrated by Slug. 04751_ Acquired Field Propulsion Drive. 04751_ W-44 Eye sends out distress signal. 04752_ Penetrated by Slug. 04752_ Slug penetrates Wall. 04754_ Slug penetrates T-07 Excavator. 04754_ T-07 Excavator destroyed. 04756_ Slug penetrates Wall. 04756_ Penetrated by Slug. 04756_ Slug penetrates Wall. 04756_ Acquired 23 matter. 04756_ Field Propulsion Drive destroyed. 04756_ Penetrated by Slug. Map ----- +----------------------------------------------------+ | ?????????????????????????????????????????????????? | | ?????????????????????????????????????????????????? | | ?????????????????????????????????????????????????? | | ?????????????????????????????????????????????????? | | ?????????????????????????????????????????????????? | | ?????????????????????????????????????????????????? | | ?????????????????????????????????????????????????? | | ?????????????????????????????????????????????????? | | ?????????????????????????????????????????????????? | | ?????????????????????????????????????????????????? | | ?????????????????????????????????????????????????? | | ?????????????????????????????????????????????????? | | ?????????????????????????????????????????????????? | | ?????????????????????????????????????????????????? | | ?????????????????????????????????????????????????? | | ?????????????????????????????????"""?????????????? | | ????????????????????????????????"""" ???????????? | | ???????????????????????????????? ?????????????? | | ??????????????????????????????? ?????????????? | | ?????????????????????????????? ??????????????? | | ??????????????#??????????????? """??????????????? | | ??????????????# ????????????? """??????????????? | | ???????????? # #########+### """"?? ?#????????? | | ??????????" # g """" B????????? | | ??????????" /g % B ???????? | | ??????????????#g u @= #????????? | | ??????????????# | * #????????? | | ??????????????# ##############?????????? | | ??????????????# k # ]#?????????? | | ????????###+### # ! #?????????? | | ???????# = # """ "" #?????????? | | ???????# # """ """ #?????????? | | ???????# h p """ """ #?????????? | | ???????# h = # #?????????? | | ???????# # #######???? | | ???????# # """ """ + #???? | | ???????# """ # """ """ ##### #???? | | ???????? ? ? """ k # """ """ #?????????? | | ?????????????""" # #?????????? | | ????????????? # #?????????? | | ??????????? ###"#+##########???????? | | ??????????? #?# #??? ! [ ????????? | | ?????????? ]]! """ #?# #?? ????????? | | ????????? ]]! G" ### ##? """ "???????? | | ?????????? ]]! """ # """ "???????? | | ?????????? # """ """?????? | | ???????????? / #??? | | ?????????????? # #??? | | ?????????????????############### # """ """ #??? | | ???????????????????????????????# #? """ """?????? | +----------------------------------------------------+ Best States ------------- Heat Dissipation 102 Energy Generation 43 Energy Capacity 420 Matter Stores 300 Matter Capacity 300 Sight Range 16 Robot Scan Range 20 Terrain Scan Density 10 Power Amplification 20 Armor Coverage 800 Point Defense Rating 160 Weapon Cycling 25 Phase Shifting 10 Evasion (%) 63 Recoil Reduction 2 Offensive Hacking 11 Item Schematics ----------------- None Robot Schematics ------------------ None Fabricated ------------ G-50 Soldier | x3 | -5/Factory | Preloaded Repaired ---------- Nothing Studied --------- Imp. VSS Leg | -5/Factory | Hacked Lgt. Deuterium Engine | -5/Factory | Hacked Alien Tech Used ----------------- None Achievements -------------- Art Critic Bumper Bots Civilization 2243 DATA ERROR: Steam Global Achievement% For Emergencies Only Immobile And Lovin' It Item+ Link The Feds Live, Flee, And Rebuild Mistaken Identity Organ Harvest Overwhelming Physics Hates This One Trick Plot Armor Some Acronyms Are Better Than Others Sprinter Survival Of The Most Covered There's More Where That Came From Throw Away The Key Uncivil War Use The Force You May Approach The Wall Challenges ------------ None Game ------ Seed RingMultireflexGenerator Manual? 0 Play Time 02:09:18 Cumulative 120.0 hours Start 2026.07.13 @ 00:08:53 End 2026.07.13 @ 02:35:02 Sessions 1 Manual Loads 0 Difficulty Rogue Special Mode None Game No. 103 Rogue 103 Adventurer 0 Explorer 0 Win Type - Total 1 Types 1/0/0/0/0/0/0/0/0/0 Lore% 48 Gallery% 45 Achievement% 29 Wizard Run 0 Options --------- Layout 1 ASCII 0 Keyboard 0 Movement Mouse Keybinds 0 Fullscreen 1 Font 24/Smallcaps Map View 50x35 Zoom Use 0% Tactical HUD 1 Map Filters NONE Filters NONE Steam 1 RUN: 0d1d895b-5feb-49d1-b761-09d2da5220d8